 Dungeon Crawl Stone Soup version 0.29.0-13-gc9e81de378 (webtiles) character file.

Game seed: 3192518514442553024

79 LucemDeus the Ducker (level 4, -5/34 HPs)
             Began as a Demonspawn Gladiator on Sept 10, 2022.
             Was an Initiate of Ashenzari.
             Slain by a gnoll
             ... wielding a +4 halberd
             ... led by a gnoll bouda
              (7 damage)
             ... on level 4 of the Dungeon.
             The game lasted 00:06:01 (2714 turns).

LucemDeus the Ducker (Demonspawn Gladiator)         Turns: 2714, Time: 00:06:02

Health: -5/34      AC:  7    Str: 16    XL:     4   Next: 16%
Magic:  4/4        EV: 12    Int: 16    God:    Ashenzari [......]
Gold:   123        SH:  4    Dex: 14    Spells: 3/3 levels left

rFire   . . .      SeeInvis .   a - +1 trident
rCold   . . .      Faith    .   n - +0 buckler
rNeg    . . .      Spirit   .   b - +2 leather armour
rPois   .          Reflect  .   (helmet restricted)
rElec   .          Harm     .   (no cloak)
rCorr   .          Rampage  .   (no gloves)
Will    .....                   (no boots)
Stlth   +.........              (no amulet)
HPRegen 0.11/turn               k - +6 ring of intelligence
MPRegen 0.09/turn               (no ring)

@: lethally poisoned (-5 -> -15), weakened
A: antennae 1, molten scales 1, spiny 1
a: Renounce Religion


You were on level 4 of the Dungeon.
You worshipped Ashenzari.
Ashenzari was noncommittal.
You visited 1 branch of the dungeon, and saw 4 of its levels.

You collected 123 gold pieces.

Inventory:

Hand Weapons
 a - a +1 trident (weapon)
Missiles
 d - 3 throwing nets (quivered)
 e - 6 javelins
Armour
 b - a +2 leather armour (worn)
 c - a +0 helmet
 g - a +0 kite shield
 m - a +0 scale mail
 n - a +0 buckler (worn)
 A - a +2 helmet
Jewellery
 k - a +6 ring of intelligence (left hand)
Scrolls
 f - a scroll of identify
 t - a scroll of teleportation
Potions
 h - a potion of magic
 i - a potion of resistance
 j - 4 potions of curing
 p - a potion of heal wounds
 q - a potion of brilliance {unknown}
 u - a potion of invisibility {unknown}
 w - a potion of flight {unknown}
 B - a potion of attraction {unknown}


   Skills:
 + Level 2.5 Fighting
 + Level 3.1 Polearms
 - Level 1.7 Throwing
 + Level 1.1 Armour
 * Level 3.5 Dodging
 + Level 0.9 Shields


You had 3 spell levels left.
You didn't know any spells.
Your spell library contained the following spells:

 Spells                   Type           Power      Damage    Failure   Level
 Apportation              Tloc           0%         N/A       38%         1
 Necrotise                Necr           0%         1d4       38%         1
 Summon Small Mammal      Summ           0%         N/A       38%         1


Dungeon Overview and Level Annotations

Branches:
Dungeon (4/15)
 Temple: D:4-7

Altars:
Ashenzari
Cheibriados

Shops:
D:3 (


Innate Abilities, Weirdness & Mutations

You have a pair of small antennae on your head.
You are partially covered in molten scales. (AC +2)
You are partially covered in sharp spines.


Message History

You are too injured to fight recklessly!
Really remove and destroy the cursed ring of the Lashed Disgust {rPois, Range, Self}?
You shatter the curse binding the cursed ring of the Lashed Disgust {rPois, Range, Self}!
The gnoll is struck by your spines. The gnoll misses you.
The gnoll completely misses you. The gnoll closely misses you.
You hit the gnoll bouda but do no damage.
The gnoll bouda is heavily wounded.
You block the gnoll's attack.
The gnoll bouda is struck by your spines.
The gnoll bouda misses you. You block the gnoll's attack.
The gnoll hits you but does no damage. You block the gnoll bouda's attack.
The gnoll hits you with a +0 whip of venom.
* * * LOW HITPOINT WARNING * * *
The gnoll closely misses you.
You hit the gnoll bouda.
The gnoll bouda is severely wounded.
The gnoll barely misses you.
The gnoll bouda calls upon its god to heal the gnoll.
The gnoll's wounds heal themselves!
The gnoll closely misses you. The gnoll is struck by your spines.
The gnoll misses you.
You hit the gnoll bouda.
The gnoll bouda is almost dead.
The gnoll hits you from afar with a +0 spear.
* * * LOW HITPOINT WARNING * * *
The gnoll hits you with a +0 whip of venom.
* * * LOW HITPOINT WARNING * * *
The gnoll bouda gazes fiercely through you!
You feel your attacks grow feeble. You block the gnoll bouda's attack.
The gnoll barely misses you.
You barely miss the gnoll bouda.
The gnoll bouda is almost dead.
You block the gnoll's attack.
The gnoll hits you with a +0 whip of venom.
* * * LOW HITPOINT WARNING * * *
You are lethally poisoned!
The gnoll bouda gazes fiercely through you!
You feel as though you will be weak longer.
The gnoll bouda closely misses you.
The gnoll hits you from afar with a +4 halberd!
You die...

..................#
......##.........#
......#####......#
......## ##.....#
.......# ##....##
.......# ##....#
##.....# #....#
##....## #....##
##....# #..@g$#
#....## #..g)..#
#.....###...gg$..#
#................#
#.<...........####
#.....###.....#
#......# ##.....
#...........#....
#........###..


You could see a gnoll bouda and 3 gnolls.

Vanquished Creatures
  A gnoll (D:4)
  An adder (D:2)
  A dart slug (D:2)
  5 endoplasms
  3 giant cockroaches
  3 goblins
  10 hobgoblins
  4 quokkas
  5 ball pythons
  7 bats
  2 frilled lizards
  5 kobolds
  9 rats
56 creatures vanquished.

Notes
Turn   | Place    | Note
-------+----------+-------------------------------------------
     0 | D:1      | LucemDeus the Demonspawn Gladiator began the quest for the
                  | Orb.
     0 | D:1      | Reached XP level 1. HP: 16/16 MP: 1/1
   162 | D:1      | Gained mutation: You are partially covered in molten
                  | scales. (AC +2) [demonic ancestry]
   162 | D:1      | Reached XP level 2. HP: 22/22 MP: 2/2
   245 | D:1      | Found a faded altar of an unknown god.
  1054 | D:2      | Gained mutation: You are partially covered in sharp spines.
                  | [demonic ancestry]
  1054 | D:2      | Reached XP level 3. HP: 27/27 MP: 3/3
  1178 | D:2      | Reached skill level 1 in Armour
  1180 | D:2      | Found a broken altar of Ashenzari.
  1520 | D:2      | Became a worshipper of Ashenzari the Shackled
  1543 | D:3      | Found a snail-covered altar of Cheibriados.
  1721 | D:3      | Found Xapheo's Weapon Boutique.
  2029 | D:3      | Gained mutation: You have a pair of small antennae on your
                  | head. [demonic ancestry]
  2029 | D:3      | Reached XP level 4. HP: 31/34 MP: 4/4
  2714 | D:4      | Slain by a gnoll

Illustrated notes

Levels and vault maps discovered:
D:1:      elethiomel_arrival_infinity_welcomes_careful_drivers,
          layout_loops_ring, basic_ecumenical_altar
D:2:      layout_rooms, basic_altar
D:3:      layout_basic, mainiacjoe_overflow_six_doors_small, serial_shops, shop,
          minmay_bisected
D:4:      layout_layer_cave, lemuel_coloured_pillars_altar,
          nemelex_dance_club_becter

Skill      XL: |  1  2  3 |
---------------+----------+-----
Dodging        | 3 |  3.5
Armour         | 1 |  1.1
Polearms       | 3 |  3.1
Fighting       | |  2.5
Throwing       | |  1.7
Shields        | |  0.9

Action                   |  1- 3 |  4- 6 || total
-------------------------+-------+-------++-------
Melee: Trident           |   135 |    14 ||   149
Invok: Curse Item        |     1 |       ||     1
       Shatter the Chain |       |     1 ||     1
  Use: Scroll            |       |    13 ||    13
 Stab: Sleeping          |     2 |       ||     2
Armor: Leather armour    |    28 |     2 ||    30
Dodge: Dodged            |    48 |    12 ||    60
Block: Kite shield       |    16 |       ||    16
       Buckler           |     7 |     6 ||    13
